 Dungeon Crawl Stone Soup version 0.31.0-12-g77e489cdc1 (webtiles) character file.

Game seed: 4589808372357428904

460 monsoonserge the Ruffian (level 7, -6/52 HPs)
             Began as a Gnoll Shapeshifter on Feb 26, 2024.
             Mangled by a gnoll
             ... wielding a +0 club
              (10 damage)
             ... on level 4 of the Dungeon.
             The game lasted 00:05:47 (3027 turns).

monsoonserge the Ruffian (Gnoll Shapeshifter)       Turns: 3027, Time: 00:05:48

Health: -6/52      AC:  0    Str: 15    XL:     7   Next: 7%
Magic:  10/10      EV: 22    Int:  9    God:
Gold:   202        SH:  0    Dex: 17    Spells: 10/10 levels left

rFire   . .          .
                       - Unarmed
rCold   . . .        (shield currently unavailable)
rNeg    . . .        a - melded +0 animal skin
rPois   .            (helmet currently unavailable)
rElec   .            (cloak currently unavailable)
rCorr   .            (gloves currently unavailable)
SInv    .            (boots currently unavailable)
Will    .....        (no amulet)
Stlth   ++           (ring currently unavailable)
HPRegen 0.28/turn    (ring currently unavailable)
MPRegen 0.12/turn

%: no passive effects
@: bat-form, flying, very quick
A: fast, flying, no casting, tiny, (fangs 1), strong nose, distributed training
a: no special abilities


You were on level 4 of the Dungeon.
You were a bat.
You visited 1 branch of the dungeon, and saw 5 of its levels.

You collected 202 gold pieces.

Inventory:

Hand Weapons
 g - a +0 arbalest
Armour
 a - a +0 animal skin (melded)
 h - a +0 ring mail
 q - an orb of mayhem
Talismans
 c - a beast talisman
 d - a flux talisman (active)
 t - a blade talisman
Wands
 r - a wand of flame (9) (quivered)
Scrolls
 e - a scroll of summoning
 f - 4 scrolls of revelation
 j - a scroll of silence {unknown}
 k - 6 scrolls of identify
 l - a scroll of acquirement {unknown}
 n - a scroll of teleportation {unknown}
 s - a scroll of immolation {unknown}
Potions
 b - a potion of lignification
 i - a potion of might {unknown}
 m - a potion of cancellation {unknown}
 o - a potion of brilliance {unknown}
 p - 2 potions of curing
 u - a potion of attraction {unknown}


   Skills:
 + Level 3.5 Fighting
 + Level 2.3 Short Blades
 + Level 2.3 Long Blades
 + Level 2.3 Axes
 + Level 2.3 Maces & Flails
 + Level 2.3 Polearms
 + Level 2.3 Staves
 + Level 2.3 Ranged Weapons
 + Level 2.3 Throwing
 + Level 2.3 Armour
 + Level 5.1 Dodging
 + Level 2.3 Stealth
 + Level 2.3 Shields
 + Level 7.0 Unarmed Combat
 + Level 2.3 Spellcasting
 + Level 1.9 Conjurations
 + Level 1.9 Hexes
 + Level 1.9 Summonings
 + Level 1.9 Necromancy
 + Level 1.9 Translocations
 + Level 1.9 Fire Magic
 + Level 1.9 Ice Magic
 + Level 1.9 Air Magic
 + Level 1.9 Earth Magic
 + Level 1.9 Alchemy
 + Level 2.5 Invocations
 + Level 2.3 Evocations
 + Level 6.9 Shapeshifting


You had 10 spell levels left.
You didn't know any spells.
Your spell library was empty.

Dungeon Overview and Level Annotations

Branches:
Dungeon (5/15)
 Temple: D:4-7

Altars:

Annotations:
D:4 Dowan, Duvessa


Innate Abilities, Weirdness & Mutations

You are a bat.
You are tiny and dextrous.
You move quickly.
You are flying.
Your equipment is almost entirely melded.
You are incapable of wielding weapons or throwing items.
You cannot cast spells.
((You have very sharp teeth.))
Your uncanny sense of smell can sniff out nearby items.
Your experience applies equally to all skills.


Message History

Eustachio is almost dead.
Eustachio completely misses you.
A gnoll comes into view.
It is wielding a +0 halberd and quivering a throwing net.
The white imp barely misses you.
You hit Eustachio.
You kill Eustachio!
The white imp disappears in a puff of smoke!
The gnoll misses you.
Your Unarmed Combat skill increases to level 7!
You have reached level 7!
The gnoll misses you. The gnoll attacks as it pursues you!
The gnoll barely misses you. The gnoll attacks as it pursues you!
The gnoll closely misses you. x2
The gnoll throws a throwing net.
The throwing net completely misses you.
The gnoll hits you from afar with a +0 spear.
* * * LOW HITPOINT WARNING * * *
There is a stone staircase leading up here.
The gnoll hits you from afar with a +0 spear!
* * * LOW HITPOINT WARNING * * *
The gnoll completely misses you. x2; The gnoll barely misses you.
You climb upwards.
Level annotation: Duvessa Duvessa gestures with her weapon.
There is a stone staircase leading down here.
As you read the scroll labelled FIPTEZ TYLAR, it crumbles to dust.
You feel aware of your surroundings.
It was a scroll of revelation.
Duvessa zaps a wand.
Your transformation has ended.
Your +0 animal skin unmelds from your body.
You turn into a bat.
Your +0 animal skin melds into your body.
The gnoll hits you with a +0 club.
* * * LOW HITPOINT WARNING * * *
Found a scroll labelled FYOLOV PURPH.
As you read the scroll labelled HIFRENGICAE, it crumbles to dust.
It is a scroll of identify.
e - a scroll of summoning Dowan, Brother of Duvessa comes into view.
He is wielding a +0 dagger and wearing a +2 robe of fire resistance.
The gnoll hits you with a +0 club!
You die...

###############
###############***
###############,,*
###############,,*
###############,,*
###.....?.#####,,*
**##########.#####.#####,,*
,,..............bg....##,,****
,*******#...............,,,,,****
,* #.##.##e##.##.##*,**,**,, ,*
#.##.##.##.##.##*,**,**,* **
#.##.......##.##*,,,,,,,,
#######.#####.#####...,,,,,,,,,
#.......#####.########*,,,,,,,,
#.###########e########,*,***,,,
###.######* *#.#*** *,***,**,,,


You could see Duvessa, Dowan and a gnoll.

Vanquished Creatures
  Sigmund (D:2)
  Eustachio (D:5)
  A howler monkey (D:3)
  An iguana (D:4)
  6 adders
  2 ribbon worms (D:3)
  2 dart slugs (D:1)
  2 orcs (D:3)
  7 ball pythons
  2 bats (D:1)
  6 endoplasms
  3 giant cockroaches
  3 goblins (D:2)
  3 hobgoblins (D:1)
  5 jackals
  9 kobolds
  2 quokkas
  6 frilled lizards
  3 rats
65 creatures vanquished.

Notes
Turn   | Place    | Note
-------+----------+-------------------------------------------
     0 | D:1      | monsoonserge the Gnoll Shapeshifter began the quest for the
                  | Orb.
     0 | D:1      | Reached XP level 1. HP: 17/17 MP: 1/1
   207 | D:1      | Reached XP level 2. HP: 1/23 MP: 2/2
   567 | D:1      | Reached XP level 3. HP: 26/28 MP: 3/3
   883 | D:2      | Reached skill level 1 in Invocations
   960 | D:2      | Reached skill level 1 in Short Blades
   960 | D:2      | Reached skill level 1 in Long Blades
   960 | D:2      | Reached skill level 1 in Axes
   960 | D:2      | Reached skill level 1 in Maces & Flails
   960 | D:2      | Reached skill level 1 in Polearms
   960 | D:2      | Reached skill level 1 in Staves
   960 | D:2      | Reached skill level 1 in Ranged Weapons
   960 | D:2      | Reached skill level 1 in Throwing
   960 | D:2      | Reached skill level 1 in Armour
   960 | D:2      | Reached skill level 1 in Stealth
   960 | D:2      | Reached skill level 1 in Shields
   960 | D:2      | Reached skill level 1 in Spellcasting
   960 | D:2      | Reached skill level 1 in Evocations
  1082 | D:2      | Reached XP level 4. HP: 32/34 MP: 5/5
  1101 | D:2      | Noticed Sigmund
  1279 | D:3      | Reached skill level 1 in Conjurations
  1279 | D:3      | Reached skill level 1 in Hexes
  1279 | D:3      | Reached skill level 1 in Summonings
  1279 | D:3      | Reached skill level 1 in Necromancy
  1279 | D:3      | Reached skill level 1 in Translocations
  1279 | D:3      | Reached skill level 1 in Fire Magic
  1279 | D:3      | Reached skill level 1 in Ice Magic
  1279 | D:3      | Reached skill level 1 in Air Magic
  1279 | D:3      | Reached skill level 1 in Earth Magic
  1279 | D:3      | Reached skill level 1 in Alchemy
  1706 | D:3      | Reached XP level 5. HP: 18/40 MP: 5/7
  2229 | D:2      | Killed Sigmund
  2230 | D:2      | Reached skill level 5 in Dodging
  2230 | D:2      | Reached XP level 6. HP: 18/47 MP: 7/9
  3005 | D:4      | Noticed Duvessa
  3009 | D:5      | Entered Level 5 of the Dungeon
  3009 | D:5      | Noticed Eustachio
  3020 | D:5      | Killed Eustachio
  3021 | D:5      | Reached skill level 7 in Unarmed Combat
  3021 | D:5      | Reached XP level 7. HP: 16/52 MP: 10/10
  3027 | D:4      | Noticed Dowan
  3027 | D:4      | Mangled by a gnoll

Illustrated notes

Levels and vault maps discovered:
D:1:      wander_arrival_peaceful_grave, layout_basic
D:2:      layout_basic, uniq_sigmund
D:3:      layout_loops_ring, serial_rivers, chequers_serial_rivers_large_b,
          chequers_serial_rivers_small_a, chequers_serial_rivers_room_a,
          chequers_serial_rivers_micro_b, minmay_crystal_water
D:4:      layout_loops_ring, uniq_duvessa
D:5:      layout_basic, nicolae_uskayaw_murder_on_the_dancefloor,
          minmay_joined_circles, uniq_eustachio

Skill      XL: |  1  2  3  4  5  6 |
---------------+-------------------+-----
Invocations    | 1 2 |  2.5
Short Blades   | 1 2 |  2.3
Long Blades    | 1 2 |  2.3
Axes           | 1 2 |  2.3
Maces & Flails | 1 2 |  2.3
Polearms       | 1 2 |  2.3
Staves         | 1 2 |  2.3
Ranged Weapons | 1 2 |  2.3
Throwing       | 1 2 |  2.3
Armour         | 1 2 |  2.3
Stealth        | 1 2 |  2.3
Shields        | 1 2 |  2.3
Spellcasting   | 1 2 |  2.3
Evocations     | 1 2 |  2.3
Conjurations   | 1 |  1.9
Hexes          | 1 |  1.9
Summonings     | 1 |  1.9
Necromancy     | 1 |  1.9
Translocations | 1 |  1.9
Fire Magic     | 1 |  1.9
Ice Magic      | 1 |  1.9
Air Magic      | 1 |  1.9
Earth Magic    | 1 |  1.9
Alchemy        | 1 |  1.9
Fighting       | 3 |  3.5
Dodging        | 5 |  5.1
Unarmed Combat | 7 |  7.0
Shapeshifting  | |  6.9

Action                     |  1- 3 |  4- 6 |  7- 9 || total
---------------------------+-------+-------+-------++-------
  Melee: Unarmed           |   100 |    91 |       ||   191
         Bite              |    14 |    14 |       ||    28
  Evoke: Wand              |       |     4 |       ||     4
    Use: Potion            |       |     1 |       ||     1
         Scroll            |       |       |     2 ||     2
   Stab: Sleeping          |       |     1 |       ||     1
 Armour: Skin              |    24 |    31 |     4 ||    59
         Animal skin       |     4 |       |       ||     4
  Dodge: Dodged            |    64 |    62 |     8 ||   134
   Form: Flux              |     1 |       |       ||     1
